 Dungeon Crawl Stone Soup version 0.21.1-1-g345015f (webtiles) character file.

120 Monsterracer the Bolt Thrower (level 4, -4/23 HPs)
             Began as a Spriggan Hunter on Feb 16, 2018.
             Was an Initiate of Dithmenos.
             Killed from afar by an orc wizard (8 damage)
             ... with a magic dart
             ... on level 3 of the Dungeon.
             The game lasted 00:07:31 (3782 turns).

Monsterracer the Bolt Thrower (Spriggan Hunter)     Turns: 3782, Time: 00:07:31

Health: -4/23      AC:  3    Str:  9    XL:     4   Next: 75%
Magic:  5/5        EV: 19    Int: 12    God:    Dithmenos [......]
Gold:   60         SH:  0    Dex: 16    Spells: 3/3 levels left

rFire    . . .     SeeInvis +   b - +2 dagger (venom)
rCold    . . .     Gourm    .   (shield restricted)
rNeg     . . .     Faith    .   f - +0 robe
rPois    .         Spirit   .   o - +1 hat
rElec    .         Reflect  .   (no cloak)
rCorr    .         Harm     .   (gloves unavailable)
MR       .....                  (boots unavailable)
Stlth    ++........             (no amulet)
HPRegen  0.07/turn              (no ring)
MPRegen  0.09/turn              (no ring)

@: very quick
A: very small, unfitting armour, see invisible, herbivore, speed 3, slow
metabolism 2
a: Renounce Religion


You were on level 3 of the Dungeon.
You worshipped Dithmenos.
Dithmenos was noncommittal.
You were hungry.

You visited 1 branch of the dungeon, and saw 3 of its levels.

You collected 60 gold pieces.

Inventory:

Hand Weapons
 a - a +1 hand crossbow
 b - a +2 dagger of venom (weapon)
Missiles
 d - 28 bolts
Armour
 f - a +0 robe (worn)
 o - a +1 hat (worn)
Scrolls
 g - 3 scrolls of remove curse {unknown}
 j - 2 scrolls of teleportation {unknown}
 m - a scroll of amnesia {unknown}
 n - 2 scrolls of identify {unknown}
Potions
 e - a potion of heal wounds
 h - a potion of degeneration {unknown}
 i - a potion of might {unknown}
 k - a potion of ambrosia {unknown}
 l - a potion of mutation {unknown}
 p - a potion of lignification {unknown}
Comestibles
 c - a ration


   Skills:
 + Level 2.3 Fighting
 * Level 2.4 Short Blades
 * Level 4.6 Crossbows
 + Level 3.8 Dodging
 + Level 2.6 Stealth
 + Level 0.2 Invocations


You had 3 spell levels left.
You didn't know any spells.

Dungeon Overview and Level Annotations

Branches:
Dungeon (3/15)

Altars:
Cheibriados
Dithmenos
Kikubaaqudgha
Makhleb
Sif Muna
Trog
Vehumet
Wu Jian
Zin


Innate Abilities, Weirdness & Mutations

You are very small and have problems with some larger weapons.
You are too small for most types of armour.
You have supernaturally acute eyesight. (SInv)
You are a herbivore.
You cover ground extremely quickly.
You need consume almost no food.


Message History

The orc wizard mumbles some strange words.
The orc wizard seems to speed up.
You hear a shout!
You hit the hobgoblin.
The hobgoblin looks as sick as possible!
The hobgoblin is almost dead.
You kill the hobgoblin!
Dithmenos accepts your kill.
The orc wizard mumbles some strange words.
The orc wizard blinks!
You hit the orc but do no damage.
The orc is poisoned.
You hit the orc but do no damage.
The orc looks even sicker.
The orc is lightly wounded.
The orc barely misses you.
You barely miss the orc.
The orc is moderately wounded.
An orc wizard comes into view. It is wielding a dagger.
The orc wizard shouts!
You hit the orc.
The orc is poisoned.
The orc is heavily wounded.
You hit the orc.
The orc looks as sick as possible!
The orc is severely wounded.
You kill the orc!
Dithmenos accepts your kill.
You kill the orc!
Dithmenos accepts your kill.
Your +2 dagger of venom stops dripping with poison.
a - a +1 hand crossbow (weapon)
Firing (i - inventory):
d - 30 bolts (quivered)
Press: ? - help, Shift-Dir - straight line, f - orc wizard
Aim: an orc wizard, wielding a dagger and wearing a robe (fast)
You shoot a bolt. The bolt misses the orc wizard.
Firing (i - inventory):
d - 29 bolts (quivered)
Press: ? - help, Shift-Dir - straight line, f/p - orc wizard
Aim: an orc wizard, wielding a dagger and wearing a robe (fast)
You shoot a bolt. The bolt closely misses the orc wizard.
The bolt hits the orc wizard.
The orc wizard is lightly wounded.
The orc wizard misses you.
Your +2 dagger of venom begins to drip with poison!
b - a +2 dagger of venom (weapon)
The orc wizard points at you and mumbles some strange words.
The magic dart hits you!
The orc wizard mumbles some strange words.
The orc wizard seems to speed up.
You take 7 damage, and have 16/23 hp.
MASSIVE DAMAGE!!
You are too injured to fight recklessly!
You are too injured to fight recklessly!
You are too injured to fight recklessly!
You completely miss the orc wizard.
The orc wizard hits you but does no damage.
The orc wizard mumbles some strange words.
The orc wizard blinks!
The orc wizard misses you.
You barely miss the orc wizard. The orc wizard hits you with a dagger.
You take 1 damage, and have 15/23 hp.
You hit the orc wizard but do no damage.
The orc wizard completely misses you.
You hit the orc wizard.
The orc wizard is lightly wounded.
The orc wizard gestures at you while chanting.
The magic dart hits you!
The orc wizard points at you and mumbles some strange words.
You easily resist.
The orc wizard gestures wildly while chanting.
The orc wizard blinks!
You take 3 damage, and have 13/23 hp.
You hit the orc wizard.
The orc wizard is poisoned.
The orc wizard is moderately wounded.
The orc wizard misses you.
You closely miss the orc wizard.
The orc wizard is moderately wounded.
The orc wizard hits you with a dagger.
* * * LOW HITPOINT WARNING * * *
The orc wizard gestures wildly while chanting.
The orc wizard blinks!
You take 3 damage, and have 10/23 hp.
The orc wizard mumbles some strange words.
The orc wizard blinks!
Things that are here:
a hand axe; a hobgoblin corpse You hit the orc wizard.
The orc wizard is heavily wounded.
The orc wizard closely misses you.
You closely miss the orc wizard.
The orc wizard is heavily wounded.
The orc wizard misses you. The orc wizard completely misses you.
You barely miss the orc wizard.
The orc wizard is severely wounded.
The orc wizard casts a spell at you. The magic dart hits you!
* * * LOW HITPOINT WARNING * * *
You take 6 damage, and have 4/23 hp.
MASSIVE DAMAGE!!
You hit the orc wizard.
The orc wizard is almost dead.
The orc wizard misses you.
You closely miss the orc wizard.
The orc wizard is almost dead.
The orc wizard casts a spell at you. The magic dart hits you!
You die...

#.##.###.#.#.### ##_##
#.##.#.........# ###
#..†.....#.#.###
##.##...#.#.###
####.....÷.....#
##..........#####
..........#.# #######
##.###.#.##########.......
....(...........@oo.>.(.o.
.###.##.###########†....o.
.....##÷# .......
#######÷# .......
#######'### .......
..........# .......
.......)..# .$.)...
..........# .......
..........#


You could see 2 orc wizards.

Vanquished Creatures
  3 adders
  An ooze (D:1)
  3 worms
  A leopard gecko (D:2)
  2 orcs (D:3)
  5 giant cockroaches
  8 goblins
  9 hobgoblins
  11 jackals
  A quokka (D:3)
  7 bats
  5 frilled lizards
  10 kobolds
  4 rats
70 creatures vanquished.

Notes
Turn   | Place    | Note
-------+----------+-------------------------------------------
     0 | D:1      | Monsterracer the Spriggan Hunter began the quest for the Orb.
     0 | D:1      | Reached XP level 1. HP: 10/10 MP: 2/2
    53 | D:1      | HP: 4/10 [giant cockroach (2)]
   306 | D:1      | Reached XP level 2. HP: 15/15 MP: 3/3
   335 | D:1      | Reached skill level 1 in Short Blades
   881 | D:1      | Reached XP level 3. HP: 11/18 MP: 4/4
  1356 | D:2      | Found a bloodstained altar of Trog.
  1700 | D:2      | Found an ornate altar of the Wu Jian Council.
  1706 | D:2      | Found a deep blue altar of Sif Muna.
  1843 | D:2      | HP: 3/18 [worm (12)]
  2303 | D:2      | Reached XP level 4. HP: 23/23 MP: 5/5
  2397 | D:2      | Found a faded altar of an unknown god.
  2491 | D:2      | Became a worshipper of Vehumet
  2491 | D:2      | Reached * piety under Vehumet
  2491 | D:2      | Offered knowledge of Sting by Vehumet.
  2492 | D:2      | Fell from the grace of Vehumet
  3027 | D:3      | HP: 7/23 [divine wrath (8)]
  3443 | D:3      | HP: 11/23 [poisoned by a goblin]
  3666 | D:3      | Found an ancient bone altar of Kikubaaqudgha.
  3666 | D:3      | Found a snail-covered altar of Cheibriados.
  3671 | D:3      | Found a shadowy altar of Dithmenos.
  3675 | D:3      | Found a burning altar of Makhleb.
  3676 | D:3      | Found a glowing silver altar of Zin.
  3679 | D:3      | Became a worshipper of Dithmenos the Shadowed
  3774 | D:3      | HP: 10/23 [orc wizard/dagger (3)]
  3780 | D:3      | HP: 4/23 [orc wizard/magic dart (6)]
  3782 | D:3      | Killed from afar by an orc wizard

Skill      XL: |  1  2  3 |
---------------+----------+-----
Short Blades   | 1 2 |  2.4
Stealth        | 2 |  2.6
Fighting       | 2 |  2.3
Crossbows      | |  4.6
Dodging        | |  3.8
Invocations    | |  0.2

Action                   |  1- 3 |  4- 6 || total
-------------------------+-------+-------++-------
Melee: Short sword       |   148 |    44 ||   192
       Dagger            |       |    35 ||    35
 Fire: Hand crossbow     |    38 |    16 ||    54
Invok: Renounce Religion |       |     1 ||     1
  Use: Potion            |       |     1 ||     1
 Stab: Sleeping          |     4 |     3 ||     7
Armor: Robe              |    13 |    10 ||    23
Dodge: Dodged            |   140 |    64 ||   204

Vault maps used:
D:1:      nzn_arrival_crosshair
D:2:      lemuel_crystal_altar, amethyst_overflow_temple_binary,
          chequers_ecumenical_altar_lobes
D:3:      chequers_temple_overflow_minitemple
